 Dungeon Crawl Stone Soup version 0.20.1-1-g8b1a95d (webtiles) character file.

13930 dohliylev the Unseen (level 11, -6/70 HPs)
             Began as a Vampire Enchanter on Dec 9, 2017.
             Was a Priest of Makhleb.
             Mangled by p0werm0de's ghost (27 damage)
             ... on level 2 of the Lair of Beasts.
             The game lasted 01:04:41 (15384 turns).

dohliylev the Unseen (Vampire Enchanter)           Turns: 15384, Time: 01:04:41

Health: -6/70      AC:  7    Str: 10    XL:     11   Next: 82%
Magic:  10/20      EV: 13    Int: 28    God:    Makhleb [***...]
Gold:   697        SH:  6    Dex: 20    Spells: 10/22 levels left

rFire    . . .     SeeInvis +   y - +3 dagger of Courage {venom, rElec Str+3 Int+3}
rCold    . . .     Gourm    .   B - +0 buckler
rNeg     + + .     Faith    .   Z - +2 robe of Fufillef {Int+7}
rPois    .         Spirit   .   t - +0 helmet
rElec    +         Reflect  .   D - +0 cloak
rCorr    .         Harm     .   K - +0 pair of gloves
MR       +....                  (no boots)
Stlth    +++++++...             (no amulet)
Regen    0.3/turn               C - ring of positive energy
MPRegen  0.2/turn               J - +2 ring of dexterity

@: no status effects
A: fangs 3, see invisible, unbreathing
a: Bat Form, Minor Destruction, Lesser Servant of Makhleb, Renounce Religion


You were on level 2 of the Lair of Beasts.
You worshipped Makhleb.
Makhleb was most pleased with you.
You were not thirsty.

You visited 3 branches of the dungeon, and saw 12 of its levels.
You also visited: Sewer.

You collected 697 gold pieces.

Inventory:

Hand Weapons
 y - the +3 dagger of Courage (weapon) {venom, rElec Str+3 Int+3}
   (You found it on level 5 of the Dungeon)

   It poisons the flesh of those it strikes.
   It affects your strength (+3).
   It affects your intelligence (+3).
   It insulates you from electricity.
 S - a +2 dagger of electrocution
 Y - the +10 morningstar "Luicoty" {crush, rF+ rC+++ MR-}
   (You found it on level 1 of the Lair of Beasts)

   It inflicts extra damage upon your enemies.
   It protects you from fire.
   It renders you almost immune to cold.
   It affects your resistance to hostile enchantments.
Armour
 t - a +0 helmet (worn)
 B - a +0 buckler (worn)
 D - a +0 cloak (worn)
 K - a +0 pair of gloves (worn)
 Z - the +2 robe of Fufillef (worn) {Int+7}
   (You found it on level 1 of the Lair of Beasts)

   It affects your intelligence (+7).
Jewellery
 m - an uncursed ring of poison resistance
 n - an uncursed ring of positive energy
 o - an uncursed ring of poison resistance
 x - an uncursed ring of ice
 C - a ring of positive energy (left hand)
 J - a +2 ring of dexterity (right hand)
Wands
 g - a wand of random effects (15/48)
 q - a wand of enslavement (17/24)
 A - a wand of disintegration (8/24)
 E - a wand of lightning (8/15)
 O - a wand of flame (18/48)
 P - a wand of acid (8/15)
 Q - a wand of iceblast (12/15)
 W - a wand of iceblast (7/15)
 X - a wand of acid (13/15)
Scrolls
 a - a scroll of fear {unknown}
 f - 6 scrolls of remove curse
 i - 3 scrolls of teleportation
 l - 4 scrolls of enchant armour
 p - 3 scrolls of amnesia
 s - 4 scrolls of fog {unknown}
 w - 3 scrolls of enchant weapon
 M - a scroll of recharging {unknown}
 N - 2 scrolls of holy word {unknown}
 R - 2 scrolls of magic mapping {unknown}
 T - a scroll of immolation {unknown}
 U - a scroll of noise {unknown}
Potions
 d - 15 potions of blood
 e - 2 potions of resistance {unknown}
 h - 2 potions of brilliance {unknown}
 j - 5 potions of flight {unknown}
 k - 3 potions of curing {unknown}
 r - 2 potions of cancellation {unknown}
 u - a potion of magic {unknown}
 v - a potion of invisibility {unknown}
 z - 3 potions of heal wounds
 F - 2 potions of degeneration {unknown}
 G - a potion of berserk rage {unknown}
 H - a potion of might {unknown}
 L - 4 potions of lignification {unknown}
 V - a potion of agility {unknown}
Books
 c - a book of Maledictions

   Spells                             Type                      Level
   a - Corona                         Hexes                        1
   b - Ensorcelled Hibernation        Hexes/Ice                    2
   c - Confuse                        Hexes                        3
   d - Tukima's Dance                 Hexes                        3
   e - Dazzling Spray                 Conjuration/Hexes            3
 I - a book of Air

   Spells                             Type                      Level
   a - Shock                          Conjuration/Air              1
   b - Swiftness                      Charms/Air                   2
   c - Static Discharge               Conjuration/Air              3
   d - Airstrike                      Air                          4
   e - Lightning Bolt                 Conjuration/Air              5


   Skills:
 - Level 1.0 Fighting
 - Level 1.1 Short Blades
 - Level 2.1 Dodging
 + Level 16.3 Stealth
 - Level 4.0 Shields
 - Level 6.0 Spellcasting
 - Level 10.0 Hexes
 - Level 5.4 Ice Magic
 - Level 10.1 Invocations


You had 10 spell levels left.
You knew the following spells:

 Your Spells              Type           Power        Failure   Level  Hunger
a - Corona                Hex            ######.      1%          1    None
b - Ensorcelled Hibernat  Hex/Ice        ######       1%          2    None
c - Confuse               Hex            ######..     1%          3    None
d - Tukima's Dance        Hex            ######..     1%          3    None
e - Dazzling Spray        Conj/Hex       #####.       2%          3    None


Dungeon Overview and Level Annotations

Branches:
Dungeon (9/15)             Temple (1/1) D:5            Lair (2/6) D:9
  Swamp (0/4) Lair:2          Orc (0/2) D:9
  Snake: Lair:2-4    Spider: Lair:2-4

Altars:
Dithmenos
Elyvilon
Makhleb
Nemelex Xobeh
Qazlal
Ru
Sif Muna
Trog
Vehumet
Xom
Zin
The Shining One

Annotations:
Lair:2 p0werm0de's ghost, journeyman DDFi


Innate Abilities, Weirdness & Mutations

You have razor-sharp teeth.
You have supernaturally acute eyesight. (SInv)
You can survive without breathing.


Message History

P0werm0de's ghost is lightly damaged.
You hit p0werm0de's ghost but do no damage.
P0werm0de's ghost is lightly damaged.
You hit p0werm0de's ghost but do no damage.
You strike the helpless p0werm0de's ghost from behind!
You impale p0werm0de's ghost!!
P0werm0de's ghost is lightly damaged.
You puncture p0werm0de's ghost!
P0werm0de's ghost is moderately damaged.
You hit p0werm0de's ghost but do no damage.
Your bite misses p0werm0de's ghost.
P0werm0de's ghost is moderately damaged.
You hit p0werm0de's ghost but do no damage.
P0werm0de's ghost is moderately damaged.
P0werm0de's ghost hits you!!!
Ouch! That really hurt!
P0werm0de's ghost freezes you.
* * * LOW HITPOINT WARNING * * *
P0werm0de's ghost hits you!!
You die...

#.# #.## #.## #P.####P.#
#.### #.# ##..# ####.# ##.#
.###...###.#
#...####.##.#####.#
.......W...#
##.##P.......P##..#
.###.#####..#
#P........>.......# ###
#.## #P.#####P...P##.P.#
### #.#####.# ####.#####.P
##.. #.#.###.## ##.# #..#
... #..#..#@.######P.# #P.#
.... #.....W..##...#..#
##.# ..#.##
#.#.#............# #..#
#.##.#####..####.#######P.#
##.# #..........P# #.##
##.## #.. .....###...##
#..# #..P# ##.. .....#
###.# #..# #P.## #..#
#....####..# #..# ##..##
##.# .....#.#...#
##..#####.#..# #..#


You could see p0werm0de's ghost (confused).

Vanquished Creatures
  The ghost of bmj180 the Basher, a journeyman MiFi of Okawaru (Lair:2)
  A hydra (Lair:1)
  Erolcha (D:9)
  A two-headed ogre (D:8)
  The ghost of sinon the Slicer, a journeyman KoAs of Trog (Lair:2)
  Pikel (D:5)
  Maurice (D:8)
  4 elephants
  Joseph (D:8)
  A black mamba (Lair:2)
  A spiny frog (Lair:1)
  A centaur skeleton (D:9)
  2 komodo dragons
  Prince Ribbit (D:9)
  4 hippogriffs
  2 basilisks (D:9)
  3 vampire mosquitoes (Lair:2)
  A hungry ghost (D:6)
  Menkaure (D:5)
  Edmund (D:6)
  3 water moccasins (Lair:1)
  Duvessa (D:7)
  Purgy (Sewer)
  7 orc warriors
  A porcupine (Lair:1)
  2 slaves (D:5)
  A black bear (D:9)
  4 sky beasts
  2 phantoms (D:5)
  2 ogres
  2 centaurs (D:5)
  A crocodile (Lair:1)
  A big kobold (D:8)
  3 bullfrogs
  Dowan (D:7)
  2 scorpions
  3 killer bees (D:7)
  5 wights
  A bullfrog zombie (D:5)
  6 crimson imps
  3 orc priests
  3 jellies
  5 hounds
  8 orc wizards
  Crazy Yiuf (D:5)
  Jessica (D:2)
  2 iguanas
  Ijyb (D:5)
  Terence (D:3)
  8 worker ants
  A hound zombie (D:6)
  3 hound skeletons
  Robin (D:2)
  4 gnolls (D:8)
  19 adders
  An adder zombie (D:8)
  2 adder skeletons
  2 worms
  3 leopard geckos
  43 orcs
  6 giant cockroaches
  12 goblins
  13 hobgoblins
  14 jackals
  11 kobolds
  5 quokkas
  11 bats
  A frilled lizard (D:2)
  A quokka skeleton (D:7)
  9 rats
274 creatures vanquished.

Vanquished Creatures (others)
  A leopard gecko (D:5)
  A plant (Lair:2)
2 creatures vanquished.

Grand Total: 276 creatures vanquished

Notes
Turn   | Place    | Note
-------+----------+-------------------------------------------
     0 | D:1      | dohliylev the Vampire Enchanter began the quest for the Orb.
     0 | D:1      | Reached XP level 1. HP: 13/13 MP: 3/3
   260 | D:1      | Reached skill level 5 in Hexes
   367 | D:1      | Reached XP level 2. HP: 19/20 MP: 5/5
   371 | D:1      | Learned a level 2 spell: Ensorcelled Hibernation
   865 | D:2      | Noticed Robin
   873 | D:2      | Found a glowing golden altar of the Shining One.
  1407 | D:2      | Reached XP level 3. HP: 25/25 MP: 1/6
  1912 | D:2      | Noticed Jessica
  2081 | D:2      | Killed Jessica
  2081 | D:2      | Reached skill level 1 in Fighting
  2081 | D:2      | Reached skill level 1 in Ice Magic
  2081 | D:2      | Reached XP level 4. HP: 32/32 MP: 4/7
  2110 | D:2      | Found a sacrificial altar of Ru.
  2458 | D:2      | Killed Robin
  3050 | D:3      | Reached XP level 5. HP: 11/37 MP: 1/8
  3360 | D:3      | Reached skill level 5 in Stealth
  3528 | D:3      | Noticed Terence
  3535 | D:3      | Killed Terence
  3768 | D:3      | Reached skill level 6 in Stealth
  3917 | D:3      | Found a bloodstained altar of Trog.
  4483 | D:4      | Reached XP level 6. HP: 37/43 MP: 5/10
  4874 | D:4      | Learned a level 3 spell: Confuse
  5370 | D:5      | Entered Level 5 of the Dungeon
  5423 | D:5      | Reached skill level 7 in Stealth
  5601 | D:5      | Reached XP level 7. HP: 48/48 MP: 8/13
  5604 | D:5      | Reached skill level 8 in Stealth
  5774 | D:5      | Found a deep blue altar of Sif Muna.
  5774 | D:5      | Found a sparkling altar of Nemelex Xobeh.
  5825 | D:5      | Reached skill level 9 in Stealth
  5851 | D:5      | Noticed Menkaure
  5918 | D:5      | Found a bloodstained altar of Trog.
  5960 | D:5      | Killed Menkaure
  5960 | D:5      | Reached skill level 10 in Stealth
  6090 | D:5      | Got an encrusted dagger
  6098 | D:5      | Reached skill level 11 in Stealth
  6099 | D:5      | Identified the +3 dagger of Courage {venom, rElec Str+3 Int+3} (You found it on level 5 of the Dungeon)
  6213 | D:5      | Reached XP level 8. HP: 47/54 MP: 5/14
  6413 | D:5      | Found a staircase to the Ecumenical Temple.
  6413 | D:5      | Noticed Ijyb
  6418 | D:5      | Killed Ijyb
  6419 | D:5      | Noticed Pikel
  6422 | Temple   | Entered the Ecumenical Temple
  6428 | Temple   | Became a worshipper of Makhleb the Destroyer
  6466 | D:5      | Reached skill level 12 in Stealth
  6819 | D:5      | Killed Pikel
  6819 | D:5      | Reached skill level 14 in Stealth
  7044 | D:5      | Found a runed door.
  7048 | D:5      | Noticed Crazy Yiuf
  7053 | D:5      | Killed Crazy Yiuf
  7157 | D:6      | Found a stormy altar of Qazlal.
  7201 | D:6      | Noticed Edmund
  7209 | D:6      | Killed Edmund
  7209 | D:6      | Reached skill level 15 in Stealth
  7209 | D:6      | Reached XP level 9. HP: 59/59 MP: 15/15
  7243 | D:6      | Reached skill level 1 in Shields
  7451 | D:6      | Found a glowing drain.
  7508 | Sewer    | Entered a sewer
  7592 | Sewer    | Noticed Purgy
  7600 | Sewer    | Killed Purgy
  7680 | D:6      | Reached * piety under Makhleb
  8170 | D:7      | Reached skill level 1 in Invocations
  8211 | D:7      | Noticed Dowan
  8226 | D:7      | Killed Dowan
  8244 | D:7      | Noticed Duvessa
  8255 | D:7      | Killed Duvessa
  9135 | D:8      | Noticed Maurice
  9143 | D:8      | Killed Maurice
  9349 | D:8      | Noticed Joseph
  9378 | D:8      | Killed Joseph
  9378 | D:8      | Reached skill level 5 in Spellcasting
  9378 | D:8      | Reached XP level 10. HP: 39/65 MP: 3/17
  9592 | D:8      | Noticed a two-headed ogre
  9641 | D:8      | Reached ** piety under Makhleb
 10173 | D:8      | Killed a two-headed ogre
 11304 | D:9      | Reached skill level 10 in Hexes
 11310 | D:9      | Reached *** piety under Makhleb
 11684 | D:9      | Found a radiant altar of Vehumet.
 11814 | D:9      | Found a staircase to the Lair.
 11817 | D:9      | Noticed an elephant
 11823 | D:9      | Reached skill level 5 in Ice Magic
 11825 | D:9      | Reached skill level 5 in Invocations
 11827 | D:9      | Killed an elephant
 11900 | D:9      | Noticed Prince Ribbit
 11915 | D:9      | Killed Prince Ribbit
 11929 | D:9      | Noticed Erolcha
 11935 | D:9      | Killed Erolcha
 11935 | D:9      | Reached XP level 11. HP: 70/70 MP: 14/20
 12470 | D:9      | Found a staircase to the Orcish Mines.
 12582 | Lair:1   | Entered Level 1 of the Lair of Beasts
 12663 | Lair:1   | Learned a level 3 spell: Tukima's Dance
 12667 | Lair:1   | Learned a level 3 spell: Dazzling Spray
 12931 | Lair:1   | Got a jewelled morningstar
 12932 | Lair:1   | Noticed a four-headed hydra
 13258 | Lair:1   | Killed a four-headed hydra
 13554 | Lair:1   | Got a shimmering robe
 13565 | Lair:1   | Identified the +2 robe of Fufillef {Int+7} (You found it on level 1 of the Lair of Beasts)
 13566 | Lair:1   | Identified the +10 morningstar "Luicoty" {crush, rF+ rC+++ MR-} (You found it on level 1 of the Lair of Beasts)
 13785 | Lair:1   | Reached skill level 16 in Stealth
 14342 | Lair:2   | Found a staircase to the Swamp.
 14778 | Lair:2   | Noticed sinon's ghost (journeyman KoAs)
 14787 | Lair:2   | Noticed bmj180's ghost (journeyman MiFi)
 14904 | Lair:2   | Killed sinon's ghost
 15108 | Lair:2   | Killed bmj180's ghost
 15230 | Lair:2   | Reached skill level 10 in Invocations
 15287 | Lair:2   | Noticed p0werm0de's ghost (journeyman DDFi)
 15384 | Lair:2   | Mangled by p0werm0de's ghost

Skill      XL: |  1  2  3  4  5  6  7  8  9 10 11 |
---------------+----------------------------------+-----
Hexes          | 5 6 7 8 10 | 10.0
Fighting       | 1 |  1.0
Ice Magic      | 1 2 4 5 |  5.4
Stealth        | 6 7 11 15 16 | 16.3
Spellcasting   | 3 4 5 6 |  6.0
Shields        | 4 |  4.0
Invocations    | 3 6 10 | 10.1
Short Blades   | |  1.1
Dodging        | |  2.1

Action                   |  1- 3 |  4- 6 |  7- 9 | 10-12 || total
-------------------------+-------+-------+-------+-------++-------
Melee: Dagger            |    74 |   129 |   155 |   144 ||   502
       Bite              |     7 |     5 |     9 |     7 ||    28
       Unarmed           |       |       |       |     1 ||     1
 Cast: Corona            |     6 |    10 |     6 |     8 ||    30
       Ensorcelled Hiber |    28 |    66 |    80 |    77 ||   251
       Confuse           |       |       |    14 |    27 ||    41
Invok: Minor Destruction |       |       |       |   154 ||   154
 Abil: End Transformatio |     2 |    17 |    40 |    49 ||   108
       Bat Form          |     2 |    17 |    40 |    49 ||   108
  Use: Potion            |     1 |     1 |     4 |     4 ||    10
       Scroll            |       |       |     1 |     6 ||     7
 Stab: Sleeping          |    16 |    50 |    68 |    57 ||   191
       Confused          |       |       |     9 |    14 ||    23
  Eat: Corpse            |     7 |    11 |     5 |    10 ||    33
Armor: Robe              |    12 |    21 |    27 |    14 ||    74
Dodge: Dodged            |    51 |    82 |    64 |    75 ||   272
Block: Buckler           |       |       |    31 |    25 ||    56
